Map: Echo LE (Void)

Players

llllllllllll (Zest) - Winner!

  • Race: Protoss Protoss
  • League: Master
  • Spawn Location: 11:00

Scythe

  • Race: Terran Terran
  • Spawn Location: 5:00

Event: NationWars IV

VOD

Have the link to the VOD?

Description

Time

  • Played on: Jan. 7, 2017, 10:47 a.m.
  • Length: 12:26
Show
View Real Time Build Order
Export as new Build Order

llllllllllll Protoss - Winner!

Build Orders: 1 Gate Expand 

Get SALT Encoding   

  12  0:01  Probe (Chrono Boost)  
  13  0:12  Probe (Chrono Boost)  
  14  0:18  Pylon  
  14  0:22  Probe (Chrono Boost)  
  15  0:36  Probe (Chrono Boost)  
  15  0:37  Gateway  
  16  0:43  Assimilator  
  16  0:47  Probe (Chrono Boost)  
  17  0:57  Probe (Chrono Boost)  
  18  1:08  Probe (Chrono Boost)  
  19  1:18  Nexus  
  19  1:27  Cybernetics Core  
  19  1:31  Probe (Chrono Boost)  
  20  1:36  Assimilator  
  20  1:42  Probe (Chrono Boost)  
  20  1:46  Pylon  
  21  1:52  Probe (Chrono Boost)  
  22  2:04  Mothership Core (Chrono Boost)  
  22  2:06  Warp Gate  
  24  2:11  Adept  
  27  2:23  Probe (Chrono Boost)  
  27  2:32  Robotics Facility  
  27  2:33  Probe (Chrono Boost)  
  27  2:34  Probe (Chrono Boost)  
  29  2:42  Stalker  
  29  2:44  Probe (Chrono Boost)  
  32  2:45  Probe (Chrono Boost)  
  33  2:54  Probe (Chrono Boost)  
  33  2:55  Probe (Chrono Boost)  
  35  3:05  Probe (Chrono Boost)  
  36  3:06  Probe (Chrono Boost)  
  36  3:08  Gateway  
  36  3:12  Gateway  
  37  3:16  Probe (Chrono Boost)  
  37  3:17  Probe (Chrono Boost)  
  39  3:23  Stalker, Observer  
  43  3:27  Probe (Chrono Boost)  
  43  3:28  Probe (Chrono Boost)  
  43  3:31  Pylon  
  44  3:34  Pylon  
  44  3:40  Probe (Chrono Boost)  
  46  3:41  Probe (Chrono Boost)  
  46  3:46  Pylon  
  46  3:47  Observer  
  46  3:51  Probe (Chrono Boost)  
  46  3:53  Probe (Chrono Boost), Assimilator  
  49  3:56  Assimilator  
  49  4:03  Robotics Bay  
  47  4:21  Probe (Chrono Boost)  
  47  4:22  Probe (Chrono Boost)  
  50  4:26  Stalker  
  50  4:27  Stalker x2  
  50  4:30  Immortal  
  55  4:31  Probe (Chrono Boost)  
  55  4:34  Probe (Chrono Boost)  
  61  4:43  Pylon  
  61  4:45  Probe (Chrono Boost)  
  63  4:47  Probe (Chrono Boost)  
  63  4:55  Stalker x2  
  63  4:56  Stalker  
  67  5:05  Immortal  
  71  5:24  Stalker x3  
  61  5:46  Immortal  
  61  5:49  Stalker x3  
  67  5:57  Gateway  
  67  5:59  Gateway  
  67  6:01  Extended Thermal Lance, Gateway  
  67  6:20  Zealot, Stalker x2  
  67  6:23  Pylon  
  73  6:34  Colossus  
  73  6:35  Nexus, Pylon  
  79  7:05  Stalker x2  
  79  7:06  Stalker  
  79  7:08  Twilight Council  
  85  7:11  Forge  
  85  7:22  Probe x2 (Chrono Boost)  
  87  7:26  Sentry x2  
  87  7:29  Blink  
  91  7:30  Pylon  
  91  7:32  Pylon  
  91  7:34  Pylon  
  91  7:39  Colossus  
  91  7:44  Protoss Ground Weapons Level 1  
  91  7:49  Pylon  
  91  7:50  Probe (Chrono Boost)  
  100  7:51  Probe (Chrono Boost)  
  100  7:52  Probe (Chrono Boost)  
  100  7:55  Pylon  
  100  8:03  Photon Cannon, Probe (Chrono Boost)  
  100  8:05  Probe (Chrono Boost)  
  103  8:06  Probe (Chrono Boost)  
  103  8:15  Stalker x5  
  103  8:16  Probe (Chrono Boost)  
  113  8:26  Colossus  
  113  8:32  Probe (Chrono Boost)  
  113  8:33  Probe x2 (Chrono Boost)  
  98  9:09  Forge  
  90  9:10  Probe (Chrono Boost)  
  90  9:11  Assimilator  
  90  9:12  Probe x2 (Chrono Boost), Assimilator  
  90  9:13  Robotics Facility  
  90  9:15  Warp Prism  
  93  9:17  Resonating Glaives  
  95  9:27  Stalker x4, Sentry x2  
  95  9:29  Protoss Ground Armor Level 1  
  107  9:39  Photon Cannon  
  107  9:40  Pylon  
  107  9:43  Protoss Ground Weapons Level 2  
  107  9:50  Pylon  
  107  9:52  Pylon  
  107  9:53  Adept  
  107  9:54  Adept x3  
  107  9:59  Observer  
  115  10:03  Observer  
  115  10:05  Stalker  
  115  10:06  Stalker  
  121  10:15  Immortal  
  121  10:16  Gateway  
  121  10:17  Pylon  
  121  10:18  Gateway  
  125  10:24  Immortal  
  129  10:35  Stalker x5  
  135  10:37  Stalker  
  141  10:54  Immortal  
  141  11:01  Pylon  
  141  11:03  Immortal  
  149  11:13  Adept x5  
  149  11:14  Adept  
  153  11:32  Immortal  
  147  11:39  Adept x4  
  149  11:43  Immortal  
  125  11:59  Nexus  
  125  12:02  Pylon  
  125  12:06  Adept x3  
  125  12:07  Adept x3  
  137  12:12  Adept x2  
Show
View Real Time Build Order
Export as new Build Order

Scythe Terran 

Build Orders: Liberator Opening, Reaper Expand, MMM Bio 

Get SALT Encoding   

  12  0:00  SCV  
  13  0:13  SCV  
  14  0:17  Supply Depot  
  14  0:25  SCV  
  15  0:29  Refinery  
  15  0:39  SCV  
  16  0:44  Barracks  
  16  0:51  SCV  
  17  1:03  SCV  
  18  1:15  SCV  
  19  1:30  Orbital Command  
  19  1:32  Reaper  
  20  1:45  Command Center  
  20  1:56  SCV  
  20  2:00  Factory  
  21  2:07  Barracks Reactor  
  21  2:08  Supply Depot  
  21  2:13  Refinery  
  21  2:15  SCV  
  22  2:28  SCV  
  22  2:40  SCV  
  23  2:45  Starport, Widow Mine  
  23  2:48  Marine x2  
  27  2:52  SCV  
  27  2:57  Orbital Command  
  28  3:04  SCV  
  29  3:05  Marine  
  29  3:06  Marine  
  31  3:13  Widow Mine  
  31  3:16  SCV  
  34  3:23  Marine x2  
  34  3:25  Medivac  
  38  3:28  SCV  
  38  3:29  SCV  
  40  3:36  Supply Depot  
  40  3:42  Factory Tech Lab  
  40  3:45  Marine x2  
  40  3:47  Liberator  
  40  3:48  SCV  
  44  3:51  Supply Depot  
  43  4:01  Siege Tank  
  43  4:17  Marine x2  
  43  4:19  SCV x2  
  43  4:22  Supply Depot  
  47  4:30  Barracks  
  47  4:31  SCV  
  47  4:32  SCV  
  47  4:33  Siege Tank  
  47  4:36  Marine  
  47  4:37  Marine  
  54  4:44  SCV  
  55  4:47  Medivac  
  56  4:56  Marine x2  
  56  4:57  SCV  
  59  5:08  SCV  
  59  5:13  Marine  
  61  5:28  SCV  
  62  5:29  Marine  
  62  5:31  Marine  
  62  5:32  Barracks, Barracks Tech Lab  
  62  5:35  Liberator, Engineering Bay  
  52  5:46  SCV x2  
  52  5:47  Marine  
  52  5:48  Siege Tank  
  52  5:49  Marine  
  58  5:58  Command Center, SCV, Stimpack  
  59  6:04  Marine  
  59  6:06  SCV  
  59  6:10  SCV, Refinery  
  62  6:15  Marine x2  
  64  6:18  SCV  
  64  6:19  Marine  
  64  6:21  Supply Depot  
  64  6:22  SCV  
  67  6:29  Marine  
  67  6:30  SCV  
  69  6:33  Terran Infantry Weapons Level 1, Marine  
  69  6:34  SCV  
  69  6:38  Marine x2  
  77  6:42  SCV  
  77  6:46  SCV  
  79  6:47  Marine, Supply Depot  
  79  6:48  Refinery  
  76  6:55  SCV  
  76  6:57  Starport  
  76  6:58  Factory, SCV  
  77  7:02  Marine x2  
  77  7:07  Marine x2, SCV  
  82  7:11  SCV  
  82  7:13  Orbital Command  
  80  7:19  Marine, SCV  
  80  7:22  Barracks  
  82  7:26  Supply Depot  
  82  7:27  Barracks, SCV  
  83  7:30  Marine x2  
  83  7:31  Marine, SCV  
  83  7:35  Starport Reactor  
  87  7:37  Marine  
  87  7:43  Factory Tech Lab  
  88  7:45  SCV x2  
  88  7:46  SCV  
  88  7:48  Marine x2  
  88  7:49  Marauder  
  95  7:52  Supply Depot  
  95  7:55  Marine  
  95  7:57  SCV x2  
  95  7:58  SCV  
  99  7:59  Combat Shields  
  99  8:02  Siege Tank  
  102  8:06  Marine  
  102  8:08  Barracks Tech Lab  
  102  8:09  SCV x2  
  102  8:11  Medivac, Barracks Tech Lab  
  102  8:12  Marine, Medivac  
  108  8:21  Marine  
  108  8:23  Barracks Tech Lab  
  108  8:24  Marine  
  108  8:26  Marine  
  111  8:27  Terran Infantry Armor Level 1  
  111  8:31  Marauder  
  111  8:32  Marauder  
  112  8:35  Starport, Barracks  
  112  8:36  Barracks  
  112  8:39  Marine  
  109  8:42  Marine  
  109  8:45  Marauder  
  99  8:52  Marine  
  99  8:54  Marauder, Marine  
  82  8:56  Marine  
  82  9:00  Marine  
  64  9:06  Marauder  
  64  9:09  Marine  
  58  9:10  SCV x2  
  58  9:11  SCV  
  58  9:12  Marine  
  58  9:13  Starport Reactor  
  58  9:14  Marine, Medivac x2  
  58  9:15  Marine  
  68  9:18  Marine  
  68  9:21  Concussive Shells  
  68  9:22  SCV x2  
  68  9:23  SCV  
  72  9:27  Marine  
  72  9:28  Marauder, Marine  
  72  9:29  Marine  
  72  9:30  Marine  
  78  9:32  Marine  
  78  9:34  SCV x2  
  82  9:44  Viking x2  
  87  9:45  SCV  
  87  9:46  SCV  
  87  9:47  SCV  
  89  9:54  Viking  
  89  9:55  Viking  
  89  9:57  SCV  
  89  9:59  SCV x2  
  95  10:05  Marine x3  
  95  10:06  Marauder, Marine x2  
  102  10:10  SCV  
  102  10:11  SCV x2  
  105  10:14  Viking  
  105  10:17  Viking  
  105  10:18  Marine x2  
  111  10:22  SCV  
  111  10:23  Marine  
  111  10:25  Marauder, Marine x2  
  117  10:31  Marine  
  117  10:32  Marauder  
  120  10:35  Viking  
  120  10:38  Viking  
  120  10:39  Marine  
  125  10:55  Supply Depot  
  125  10:57  Marine x2, Viking x2  
  125  10:59  Marauder  
  133  11:07  Marauder  
  133  11:13  Viking  
  133  11:15  Viking  
  129  11:24  SCV  
  123  11:30  SCV x2  
  123  11:31  Marine x3  
  123  11:32  Marauder x2  
  102  11:35  Marine  
  102  11:36  Marauder, Marine  
  80  11:49  Marine x3  
  80  11:52  Marine  
  80  11:53  Marauder, Marine  
  70  11:54  Marauder  
  69  12:02  Marine  
  69  12:03  SCV x2  
Tags
 
Add a new tag
Caveats
  • Supply blocks, unpowered buildings, or Contaminate may cause inaccurate times.
  • Supply counts are checked every 10 seconds.